[Event "Team 45 45 League T86"]
[Site "Internet Chess Club"]
[Date "2020.10.01"]
[Round "1"]
[White "LuFran"]
[Black "andrew37"]
[Result "1/2-1/2"]
[WhiteElo "1750"]
[BlackElo "1689"]
[Opening "Sicilian defense"]
[ECO "B40"]
[Time "18:00:29"]
[TimeControl "2700+45"]

1. e4 c5 2. Nf3 e6 3. c3 Nf6 4. e5 Nd5 5. g3 d6 6. exd6 Bxd6 7. Bg2 O-O 8. O-O
Nc6 9. d4 cxd4 10. Nxd4 Nxd4 11. Qxd4 Qf6 12. Qxf6 Nxf6 13. Bg5 Be7 14. Nd2 Bd7
15. Ne4 Bc6 16. Nxf6+ gxf6 17. Bf4 Bxg2 18. Kxg2 Rfd8 19. Rfd1 Rxd1 20. Rxd1 Rd8
21. Rxd8+ Bxd8 22. Bh6 f5 23. Kf3 f6 24. Ke2 {Game drawn by mutual agreement}
1/2-1/2

[Event "Team 45 45 League T86"]
[Site "Internet Chess Club"]
[Date "2020.10.05"]
[Round "1"]
[White "timothysmall56"]
[Black "julesraider"]
[Result "1-0"]
[WhiteElo "1702"]
[BlackElo "1588"]
[Opening "Caro-Kann: classical variation"]
[ECO "B18"]
[Time "20:28:20"]
[TimeControl "2700+45"]

1. e4 c6 2. d4 d5 3. Nc3 dxe4 4. Nxe4 Bf5 5. Ng3 Bg6 6. Nf3 Nd7 7. Bd3 Bxd3 8.
Qxd3 e6 9. O-O Ngf6 10. Bf4 Be7 11. Qb3 Nd5 12. Bd2 Qc7 13. Rfe1 O-O 14. Rad1 b5
15. Ne5 a5 16. a3 Nxe5 17. dxe5 a4 18. Qf3 b4 19. axb4 Nxb4 20. Bxb4 Bxb4 21. c3
Be7 22. Rd4 c5 23. Rg4 Rfd8 24. Nh5 g6 25. Nf6+ Kg7 26. h4 a3 27. bxa3 Rxa3 28.
Nxh7 c4 29. h5 Rd3 30. Qf4 Raxc3 31. hxg6 fxg6 32. Nf6 Qc6 33. Nh5+ {Black
forfeits on time} 1-0

[Event "Team 45 45 League T86"]
[Site "Internet Chess Club"]
[Date "2020.10.03"]
[Round "1"]
[White "olivermx"]
[Black "goldeen7"]
[Result "1/2-1/2"]
[WhiteElo "1354"]
[BlackElo "1337"]
[Opening "Sicilian: closed"]
[ECO "B24"]
[Time "11:02:06"]
[TimeControl "2700+45"]

1. e4 c5 2. Nc3 Nc6 3. g3 e6 4. Bg2 Nf6 5. d3 d6 6. Nge2 Be7 7. O-O O-O 8. f4 e5
9. f5 a6 10. h3 b5 11. Qe1 Bb7 12. a3 Nd4 13. Nxd4 cxd4 14. Ne2 Rc8 15. c3 d5
16. exd5 Bxd5 17. Bxd5 Qxd5 18. cxd4 exd4 19. Qf2 Rc2 20. b4 Bd6 21. g4 Re8 22.
Re1 Qe5 23. Bf4 Rxe2 24. Rxe2 Qxf4 25. Rxe8+ Nxe8 26. Qxf4 Bxf4 27. Re1 Be3+ 28.
Kg2 h6 29. Re2 Nf6 30. Rc2 Nd5 31. Rc8+ Kh7 32. Kf3 Nf4 33. Ke4 Nxh3 34. Rc6
Nf2+ 35. Kf3 Nxd3 36. Ke4 Nf2+ 37. Kf3 Nd3 38. Ke4 Nf2+ 39. Kf3 Nd3 {Game drawn
by repetition} 1/2-1/2

[Event "Team 45 45 League T86"]
[Site "Internet Chess Club"]
[Date "2020.10.02"]
[Round "1"]
[White "zugknightly"]
[Black "rookmaster23"]
[Result "1-0"]
[WhiteElo "1797"]
[BlackElo "1681"]
[Opening "English: Neo-Catalan declined"]
[ECO "A14"]
[Time "21:05:09"]
[TimeControl "2700+45"]

1. c4 Nf6 2. g3 e6 3. Bg2 d5 4. Nf3 Be7 5. O-O O-O 6. Qc2 Nbd7 7. b3 b6 8. Bb2
Bb7 9. d3 c5 10. Nbd2 Qc7 11. e4 d4 12. h3 Nh5 13. Rfe1 Bd6 14. Nf1 h6 15. Qe2
e5 16. Nh4 g6 17. Bc1 Kh7 18. Nf5 Ng7 19. Nxh6 f5 20. Nh2 Nf6 21. Bg5 Ne6 22. h4
Nxg5 23. hxg5 Ne8 24. exf5 gxf5 25. Qh5 Kg7 26. Bxb7 Qxb7 27. g6 Rh8 28. Nxf5+
Kg8 29. Qg5 Qd7 30. Ng4 Ng7 31. Nf6+ {Black resigns} 1-0

[Event "Team 45 45 League T86"]
[Site "Internet Chess Club"]
[Date "2020.10.03"]
[Round "1"]
[White "sburreus09"]
[Black "Denis240964"]
[Result "1-0"]
[WhiteElo "1544"]
[BlackElo "1464"]
[Opening "QGD: 4.Bg5 Be7"]
[ECO "D53"]
[Time "09:00:39"]
[TimeControl "2700+45"]

1. d4 d5 2. c4 e6 3. Nc3 Nf6 4. Bg5 Be7 5. Nf3 b6 6. e3 Bb7 7. Be2 O-O 8. cxd5
Bxd5 9. O-O Bb7 10. Rc1 Nd5 11. Bxe7 Qxe7 12. Ne5 f6 13. Nd3 Nxc3 14. Rxc3 Rd8
15. Qc2 Na6 16. a3 Be4 17. f3 Bg6 18. Qb3 Bf7 19. Qb5 Nb8 20. Rfc1 a6 21. Qa4
Rc8 22. b4 Be8 23. Qc2 Ra7 24. Nb2 b5 25. Nd3 c6 26. Nc5 Nd7 27. Bd3 Nxc5 28.
Rxc5 g6 29. h4 f5 30. g3 Rac7 31. a4 Qd7 32. axb5 axb5 33. Bxb5 Qd6 34. Kf2 Kf7
35. Bc4 Ke7 36. Qb3 Bf7 37. Ra1 Rb8 38. Ra6 Be8 39. b5 Qd8 40. b6 Rcb7 41. Re5
Rxb6 42. Rxe6+ Kd7 43. Ra7+ Kc8 44. Qa4 Bd7 45. Ba6+ R6b7 46. Bxb7+ Rxb7 47.
Ra8+ Rb8 48. Qa6+ Kc7 49. Ra7+ {Black resigns} 1-0

[Event "Team 45 45 League T86"]
[Site "Internet Chess Club"]
[Date "2020.10.03"]
[Round "1"]
[White "DaveTheRook"]
[Black "tryanything"]
[Result "1/2-1/2"]
[WhiteElo "1527"]
[BlackElo "1511"]
[Opening "Réti: King's Indian attack"]
[ECO "A05"]
[Time "18:00:37"]
[TimeControl "2700+45"]

1. Nf3 Nf6 2. g3 g6 3. Bg2 Bg7 4. O-O d5 5. d3 O-O 6. c4 c6 7. Qc2 Be6 8. e4
dxe4 9. dxe4 Na6 10. a3 Qc8 11. Ng5 h6 12. Nxe6 Qxe6 13. Nd2 Rad8 14. Rb1 Nc5
15. b4 Nd3 16. Rb3 Nxc1 17. Rxc1 Rd7 18. Rd3 Rfd8 19. Rxd7 Rxd7 20. Nb3 b6 21.
e5 Qxe5 22. Bxc6 Rc7 23. b5 h5 24. Qd3 Qd6 25. Qxd6 exd6 26. Re1 Bf8 27. a4 Nd7
28. Re8 Nc5 29. Nxc5 dxc5 {Game drawn by mutual agreement} 1/2-1/2

[Event "Team 45 45 League T86"]
[Site "Internet Chess Club"]
[Date "2020.10.05"]
[Round "1"]
[White "Electryon"]
[Black "mongmong"]
[Result "1/2-1/2"]
[WhiteElo "1388"]
[BlackElo "1431"]
[Opening "Queen's pawn"]
[ECO "A40"]
[Time "18:32:18"]
[TimeControl "2700+45"]

1. d4 e6 2. Nf3 Nf6 3. Bf4 b6 4. e3 Bb7 5. Bd3 d6 6. Nbd2 Nbd7 7. c3 Be7 8. h3
c5 9. O-O O-O 10. Re1 Re8 11. e4 cxd4 12. cxd4 e5 13. Bg3 exd4 14. Nxd4 a6 15.
Nf5 Nc5 16. Nxe7+ Rxe7 17. Qc2 Nh5 18. Bh2 g6 19. b4 Nxd3 20. Qxd3 Rd7 21. Qe3
b5 22. Nf3 f6 23. Nd4 Re7 24. Qb3+ Kh8 25. f3 Ng7 26. Rad1 Rd7 27. Ne6 Nxe6 28.
Qxe6 d5 29. exd5 Rxd5 30. Rxd5 Bxd5 31. Qe2 Bc4 32. Qb2 Kg7 33. a3 Qd7 {Game
drawn by mutual agreement} 1/2-1/2

[Event "Team 45 45 League T86"]
[Site "Internet Chess Club"]
[Date "2020.09.30"]
[Round "1"]
[White "KidRattler"]
[Black "WillC"]
[Result "1-0"]
[WhiteElo "1747"]
[BlackElo "1574"]
[Opening "Scandinavian defense"]
[ECO "B01"]
[Time "19:37:20"]
[TimeControl "2700+45"]

1. e4 d5 2. exd5 Nf6 3. Nf3 Nxd5 4. c4 Nf6 5. d4 Bg4 6. Be2 e6 7. a3 c5 8. Be3
Nbd7 9. Nc3 cxd4 10. Nxd4 Bxe2 11. Qxe2 a6 12. Rd1 Be7 13. O-O O-O 14. Rfe1 Re8
15. b4 Qc7 16. g3 Rac8 17. c5 Rcd8 18. Bf4 Qc8 19. Qf3 Nb8 20. Ne4 Nxe4 21. Qxe4
Bf6 22. Be5 Bxe5 23. Qxe5 Rd5 24. Qe2 Red8 25. Nc2 Qd7 26. Rxd5 Qxd5 27. Ne3 Qe4
28. Nc4 Qxe2 29. Rxe2 Rd3 30. Rd2 Rxd2 31. Nxd2 Nc6 32. Nc4 e5 33. Nd6 Nd8 34.
Kg2 g6 35. g4 h6 36. Kf3 Kf8 37. Ke4 f6 38. Kd5 Ke7 39. a4 Kd7 40. Nxb7 Nc6 41.
b5 axb5 42. axb5 Nb4+ 43. Kc4 Nc2 44. c6+ Kc7 45. Kc5 Nd4 46. b6+ Kb8 47. Kd6
Nb5+ 48. Kd7 f5 49. c7+ Nxc7 50. bxc7+ {Black resigns} 1-0

[Event "Team 45 45 League T86"]
[Site "Internet Chess Club"]
[Date "2020.10.02"]
[Round "1"]
[White "RD1974"]
[Black "ivanson"]
[Result "1-0"]
[WhiteElo "1572"]
[BlackElo "1621"]
[Opening "Réti: King's Indian attack"]
[ECO "A05"]
[Time "18:04:14"]
[TimeControl "2700+45"]

1. Nf3 Nf6 2. g3 g6 3. Bg2 Bg7 4. O-O O-O 5. d3 d6 6. h3 e5 7. e4 Nbd7 8. Be3 c6
9. c4 Qc7 10. Nc3 Re8 11. Rc1 Nf8 12. d4 exd4 13. Nxd4 Ne6 14. b4 Nxd4 15. Bxd4
Be6 16. Nd5 cxd5 17. cxd5 Qd7 18. dxe6 Qxe6 19. f3 b6 20. a4 Bh6 21. Rc6 Rac8
22. b5 Nd7 23. f4 Nb8 24. f5 Qd7 25. fxg6 hxg6 26. Qf3 Nxc6 27. bxc6 Qe6 28. Qc3
Rc7 29. Rf6 Qe7 30. Qc4 Bg7 31. Rxg6 Kh8 32. Rxg7 {Black resigns} 1-0

[Event "Team 45 45 League T86"]
[Site "Internet Chess Club"]
[Date "2020.10.02"]
[Round "1"]
[White "Validus"]
[Black "Rybo88"]
[Result "1/2-1/2"]
[WhiteElo "1426"]
[BlackElo "1453"]
[Opening "Queen's pawn, Mason variation"]
[ECO "D00"]
[Time "13:13:00"]
[TimeControl "2700+45"]

1. d4 d5 2. Bf4 Nf6 3. e3 e6 4. Nf3 c5 5. c3 Nc6 6. Nbd2 Be7 7. h3 Bd7 8. Bd3
cxd4 9. exd4 a6 10. a4 Rb8 11. b4 Rc8 12. O-O Na7 13. Rc1 h6 14. Ne5 Nc6 15.
Ndf3 Nxe5 16. Nxe5 O-O 17. Re1 Bc6 18. Qd2 Ne4 19. Nxc6 Rxc6 20. Bxe4 dxe4 21.
Rxe4 Kh7 22. Qd3 Kg8 23. Qd2 Kh7 24. Rce1 Bf6 25. Qd3 Kg8 26. Be5 Qe7 27. Bxf6
Qxf6 28. c4 Rd8 29. Re5 Qf4 30. R5e4 Qd6 31. c5 Qd5 32. g4 b6 33. Rc1 bxc5 34.
bxc5 Rxc5 35. Rxc5 Qxc5 36. dxc5 Rxd3 37. Rc4 Rd7 38. c6 Rc7 39. Rc5 Kf8 40. f4
Ke7 41. f5 exf5 42. gxf5 Kd6 43. Rc4 Rxc6 44. Rg4 Rc5 45. Rxg7 Rxf5 46. Rh7 Rf6
47. Rh8 Kc5 48. Rb8 Kc6 49. a5 Kc7 50. Rb3 Rf5 51. Rb6 Rxa5 52. Rxh6 Kd7 53. h4
Ke7 54. h5 f6 55. Kf2 Re5 56. Kf3 a5 57. Kg4 Rg5+ 58. Kf4 Kf7 59. Rh8 Kg7 60.
Ra8 Rxh5 61. Ra7+ Kg6 62. Ra6 Rf5+ 63. Kg4 Rb5 64. Kf4 Rb4+ 65. Ke3 a4 66. Kd3
Rh4 67. Ke3 a3 68. Kf2 Rh3 69. Kg2 Rb3 70. Kf2 Rb2+ 71. Ke3 a2 72. Kf3 Kg5 73.
Ra4 f5 74. Kg3 Rc2 75. Kf3 f4 76. Ra7 Rc3+ 77. Kg2 Rg3+ 78. Kf2 Rh3 79. Kg2 Rg3+
80. Kf2 Rh3 81. Kg2 Rg3+ 82. Kf2 {Game drawn by repetition} 1/2-1/2

[Event "Team 45 45 League T86"]
[Site "Internet Chess Club"]
[Date "2020.10.02"]
[Round "1"]
[White "chesskix"]
[Black "bardu"]
[Result "1-0"]
[WhiteElo "1480"]
[BlackElo "1327"]
[Opening "English opening"]
[ECO "A16"]
[Time "20:05:42"]
[TimeControl "2700+45"]

1. c4 Nf6 2. Nc3 g6 3. g3 Bg7 4. Bg2 O-O 5. e4 c5 6. Nge2 Nc6 7. O-O d6 8. d3 a6
9. f4 Rb8 10. a4 Bg4 11. h3 Bxe2 12. Nxe2 Ne8 13. f5 Ne5 14. Rb1 b5 15. axb5
axb5 16. b3 bxc4 17. dxc4 Nxc4 18. Bh6 Ne5 19. Bxg7 Kxg7 20. Nc3 Nf6 21. g4 g5
22. Nd5 e6 23. Nxf6 Kxf6 24. fxe6+ Kxe6 25. Qd5+ Kd7 26. Rfd1 Qc7 27. Qxe5 f6
28. Qf5+ Kd8 29. e5 Rb6 30. Ra1 Ke8 31. Ra8+ Rb8 {Black resigns} 1-0

[Event "Team 45 45 League T86"]
[Site "Internet Chess Club"]
[Date "2020.10.04"]
[Round "1"]
[White "bobhill"]
[Black "cadmiumorange"]
[Result "1-0"]
[WhiteElo "1891"]
[BlackElo "1773"]
[Opening "Queen's pawn game, Chigorin variation"]
[ECO "D02"]
[Time "14:04:48"]
[TimeControl "2700+45"]

1. d4 d5 2. Nf3 Nc6 3. Bg5 Nf6 4. Nbd2 Ne4 5. Bh4 h6 6. c3 g5 7. Bg3 Nxg3 8.
hxg3 Bg7 9. Qc2 f5 10. e3 Be6 11. Bd3 Qd7 12. b4 O-O-O 13. Nb3 Rhf8 14. b5 Nb8
15. Nc5 Qd6 16. Qa4 Qb6 17. Nxe6 Qxe6 18. Qxa7 f4 19. gxf4 gxf4 20. Kd2 fxe3+
21. fxe3 Qg4 22. Rag1 Qg3 23. Qa3 Rd6 24. Qc1 Rdf6 25. Qe1 Qd6 26. Qb1 Nd7 27.
a4 e5 28. Be2 e4 29. Nh4 Rf2 30. Rf1 Nb6 31. Rxf2 Rxf2 32. Ke1 Qf6 33. a5 Nc4
34. Bxc4 dxc4 35. Qxe4 Ra2 36. Qe8+ Qd8 37. Qe6+ Kb8 38. Rh3 Qf8 39. Nf3 Qa3 40.
Kf1 Qc1+ 41. Ne1 Ra1 42. Qg8+ Ka7 43. b6+ cxb6 44. axb6+ Kxb6 45. Qd8+ Ka7 46.
Qh4 Qxc3 47. Rf3 Qd3+ 48. Kf2 Qd2+ 49. Kf1 c3 50. Qf2 Qd1 51. Rf7 Qd3+ 52. Qe2
Qg6 53. Qc4 c2 54. Qc5+ Kb8 55. Qc7+ {Black resigns} 1-0

[Event "Team 45 45 League T86"]
[Site "Internet Chess Club"]
[Date "2020.10.03"]
[Round "1"]
[White "Packerfan"]
[Black "CPTsopiens"]
[Result "1/2-1/2"]
[WhiteElo "1805"]
[BlackElo "1812"]
[Opening "English: Bremen, reverse dragon"]
[ECO "A22"]
[Time "10:01:42"]
[TimeControl "2700+45"]

1. c4 Nf6 2. Nc3 e5 3. g3 d5 4. cxd5 Nxd5 5. Bg2 Nb6 6. Nf3 Nc6 7. O-O Be7 8. b3
O-O 9. Bb2 f6 10. Re1 Be6 11. e4 Qd7 12. a3 Rfd8 13. Qc2 Kh8 14. b4 Rac8 15. Ne2
Bc4 16. d4 Bxe2 17. Qxe2 exd4 18. Red1 d3 19. Qd2 Nc4 20. Qc3 Nxb2 21. Qxb2 Qe6
22. Ne1 Ne5 23. f4 Nc4 24. Qb3 Qb6+ 25. Kh1 Ne3 26. Rxd3 Nxg2 27. Kxg2 c5 28.
bxc5 Qxb3 29. Rxb3 Bxc5 30. Nd3 b6 31. Nxc5 Rd2+ 32. Kg1 Rxc5 33. Rbb1 Kg8 34.
Rd1 Rxd1+ 35. Rxd1 Rc7 36. Rd2 Kf7 37. Kf2 Ke7 38. Ke2 Rc3 39. Rd3 Rc4 40. Ke3
b5 41. g4 a5 42. h4 b4 43. axb4 Rxb4 44. Ra3 Rb5 45. f5 g6 46. Kf4 Kd6 47. Rd3+
Ke7 {Game drawn by mutual agreement} 1/2-1/2

[Event "Team 45 45 League T86"]
[Site "Internet Chess Club"]
[Date "2020.10.04"]
[Round "1"]
[White "Beetlejuice"]
[Black "ivanson"]
[Result "0-1"]
[WhiteElo "1666"]
[BlackElo "1640"]
[Opening "King's Indian: Sämisch, 5...O-O"]
[ECO "E81"]
[Time "14:00:59"]
[TimeControl "2700+45"]

1. d4 Nf6 2. c4 g6 3. f3 Bg7 4. e4 d6 5. Nc3 O-O 6. Bg5 c5 7. Nge2 a6 8. a4 e6
9. Qd2 Nc6 10. d5 exd5 11. cxd5 Nb4 12. Nc1 h6 13. Bf4 Nh5 14. Bxh6 Bxh6 15.
Qxh6 Nc2+ 16. Kd2 Nxa1 17. Bc4 b5 18. Ba2 b4 19. N3e2 b3 20. Bb1 Nc2 21. Nxb3
Nb4 22. g4 Ng7 23. g5 Qe7 24. Ng3 Qe5 25. Kc1 Ne8 26. Qh4 Bd7 27. Nd2 Bxa4 28.
Re1 Rb8 29. b3 Qc3+ 30. Kd1 Bxb3+ 31. Ke2 Bc4+ 32. Kd1 Nd3 33. Bxd3 Qxd3 34. Kc1
Qc3+ 35. Kd1 Bd3 {White resigns} 0-1

[Event "Team 45 45 League T86"]
[Site "Internet Chess Club"]
[Date "2020.10.04"]
[Round "1"]
[White "Snuffleupegus"]
[Black "timothysmall56"]
[Result "0-1"]
[WhiteElo "1504"]
[BlackElo "1690"]
[Opening "Sicilian"]
[ECO "B50"]
[Time "20:26:01"]
[TimeControl "2700+45"]

1. e4 c5 2. Nf3 d6 3. Nc3 a6 4. d4 cxd4 5. Nxd4 e5 6. Nf3 Nf6 7. Bc4 Be7 8. O-O
O-O 9. Be3 Be6 10. Qd3 Nc6 11. a3 Rc8 12. Rad1 Bxc4 13. Qxc4 Nd4 14. Qb4 d5 15.
Qxb7 Nxf3+ 16. gxf3 d4 17. Bg5 Qc7 18. Qxc7 Rxc7 19. Bxf6 Bxf6 20. Nd5 Rxc2 21.
b4 Bg5 22. f4 Bf6 23. fxe5 Bxe5 24. f4 Bb8 25. Rxd4 Ba7 26. Rd1 Rc4 27. Ne7+ Kh8
{White resigns} 0-1

[Event "Team 45 45 League T86"]
[Site "Internet Chess Club"]
[Date "2020.10.03"]
[Round "1"]
[White "Draconian"]
[Black "trombone"]
[Result "1-0"]
[WhiteElo "1817"]
[BlackElo "1783"]
[Opening "Robatsch (modern) defense"]
[ECO "B06"]
[Time "12:06:05"]
[TimeControl "2700+45"]

1. e4 g6 2. d4 Bg7 3. Nf3 d6 4. Bc4 Nf6 5. Nc3 O-O 6. Qe2 Bg4 7. h3 Bxf3 8. Qxf3
Nc6 9. Be3 Nd7 10. O-O-O e5 11. d5 Ne7 12. g4 a5 13. h4 h6 14. Rdg1 Nc5 15. Bxc5
dxc5 16. Qe3 b6 17. f4 exf4 18. Qxf4 Qd6 19. Qxd6 cxd6 20. Nb5 Be5 21. Rf1 Kg7
22. Rf3 Rad8 23. g5 h5 24. Rhf1 Rd7 25. Na3 Nc8 26. Bb5 Rc7 27. Nc4 Na7 28. Nxe5
Nxb5 29. Nc4 Rb7 30. a4 Nd4 31. Rf6 Ne2+ 32. Kd2 Ng3 33. R1f4 Re7 34. Nxd6 Kg8
35. Ke3 Nf5+ 36. Nxf5 gxf5 37. R4xf5 Rfe8 38. Rf4 Rb8 39. c4 Kg7 40. Rc6 Reb7
41. e5 Rd8 42. Rff6 Rdb8 43. Ke4 Re8 44. Rxb6 Rbe7 45. e6 fxe6 46. Rbxe6 Rxe6+
47. dxe6 Rd8 48. Ke5 Rd2 49. Rf4 Rxb2 50. e7 Rb8 51. Rf8 {Black resigns} 1-0

[Event "Team 45 45 League T86"]
[Site "Internet Chess Club"]
[Date "2020.10.03"]
[Round "1"]
[White "LookImYourVader"]
[Black "BrianWood"]
[Result "1/2-1/2"]
[WhiteElo "1755"]
[BlackElo "1627"]
[Opening "Sicilian: Alapin's variation (2.c3)"]
[ECO "B22"]
[Time "15:00:43"]
[TimeControl "2700+45"]

1. e4 c5 2. c3 e6 3. d4 cxd4 4. cxd4 d5 5. Nc3 dxe4 6. Nxe4 a6 7. Nf3 Nc6 8. Be2
Bb4+ 9. Bd2 Bxd2+ 10. Qxd2 Nge7 11. O-O O-O 12. Rac1 b6 13. Rfd1 Bb7 14. a3 Nd5
15. b4 Nce7 16. Ng3 Ng6 17. Ne5 f6 18. Nd3 Qe7 {Game drawn by mutual agreement}
1/2-1/2

[Event "Team 45 45 League T86"]
[Site "Internet Chess Club"]
[Date "2020.10.02"]
[Round "1"]
[White "Kingofknights"]
[Black "rookmaster23"]
[Result "0-1"]
[WhiteElo "1569"]
[BlackElo "1693"]
[Opening "Neo-Grünfeld defense"]
[ECO "D70"]
[Time "15:59:02"]
[TimeControl "2700+45"]

1. d4 Nf6 2. c4 g6 3. f3 d5 4. cxd5 Nxd5 5. e4 Nb6 6. Nc3 Bg7 7. Be3 O-O 8. Qd2
Nc6 9. Rd1 Bd7 10. b3 e5 11. d5 Nd4 12. Nge2 Nxe2 13. Bxe2 f5 14. O-O f4 15. Bc5
Rf6 16. d6 Bf8 17. dxc7 Bxc5+ 18. Kh1 Qxc7 19. Nd5 Nxd5 20. Bc4 g5 21. Bxd5+ Kh8
22. Rc1 Qd6 23. Qc2 Bd4 24. Bxb7 Rb8 25. Bd5 Be6 26. Bc4 Rc8 27. Qd3 Bxc4 28.
bxc4 Qa6 29. Qb3 Rfc6 30. g3 Rxc4 31. Rxc4 Qxc4 32. Qb7 Qxf1# {White checkmated}
0-1

[Event "Team 45 45 League T86"]
[Site "Internet Chess Club"]
[Date "2020.10.03"]
[Round "1"]
[White "WillC"]
[Black "cap78red"]
[Result "1-0"]
[WhiteElo "1584"]
[BlackElo "1425"]
[Opening "King's Indian: fianchetto without c4"]
[ECO "A49"]
[Time "11:00:37"]
[TimeControl "2700+45"]

1. d4 Nf6 2. Nf3 g6 3. g3 d5 4. Bg2 Bg7 5. b3 c5 6. e3 Nc6 7. Bb2 Ne4 8. O-O Bg4
9. h3 Bxf3 10. Bxf3 Qd6 11. dxc5 Bxb2 12. cxd6 Bxa1 13. d7+ Kxd7 14. Bxe4 {Black
resigns} 1-0

[Event "Team 45 45 League T86"]
[Site "Internet Chess Club"]
[Date "2020.10.03"]
[Round "1"]
[White "KidRattler"]
[Black "ascoli"]
[Result "1-0"]
[WhiteElo "1781"]
[BlackElo "1614"]
[Opening "French: exchange variation"]
[ECO "C01"]
[Time "08:33:29"]
[TimeControl "2700+45"]

1. e4 e6 2. d4 d5 3. exd5 exd5 4. Bd3 Nc6 5. Nf3 Bg4 6. c3 Bd6 7. Be3 Nf6 8.
Nbd2 O-O 9. Qc2 Re8 10. O-O-O h6 11. h3 Bd7 12. g4 a5 13. Rhg1 a4 14. Bf5 a3 15.
b3 Bxf5 16. gxf5 Kh8 17. Nf1 Ne4 18. Kb1 Qf6 19. N1d2 Qxf5 20. Nxe4 Qxe4 21.
Qxe4 Rxe4 22. Nd2 Rh4 23. Rh1 Ne7 24. b4 Ng6 25. Kc2 Nf4 26. Bxf4 Rxf4 27. f3 b6
28. Rhf1 c5 29. bxc5 bxc5 30. dxc5 Bxc5 31. Nb3 Be3 32. Rxd5 Rc8 33. Rd3 Bb6 34.
Nc1 Ba5 35. Ne2 Rb4 36. Rb1 Rxb1 37. Kxb1 Rb8+ 38. Kc1 Rb2 39. Rd2 Rb5 40. Kc2
Rh5 41. Nf4 Rh4 42. Rd4 g5 43. Nd3 Rxh3 44. Rd5 Bb6 45. Rd6 Be3 46. Ne5 Kg7 47.
Rd7 Rh2+ 48. Kb3 Bf4 49. Nxf7 Kf6 50. Nd8 Bc1 51. Rd1 Bb2 52. Nc6 h5 53. Rd6+
Kf5 54. Nd4+ Ke5 55. Re6+ Kd5 56. Rf6 Rg2 57. Rf5+ Kd6 58. f4 gxf4 59. Rxf4 Rg3
60. Nf5+ Ke5 61. Nxg3 Kxf4 62. Nxh5+ Ke3 63. Nf6 Kd3 64. Nd5 Kd2 65. Nf6 Kd3 66.
Nd5 Ba1 67. Nb4+ Ke4 68. Nc2 Bb2 69. Nxa3 Bc1 70. Nc2 Kd5 71. Nb4+ Kd6 72. a4
Be3 73. Kc4 Bg1 74. Kb5 Kc7 75. a5 Kb7 76. c4 Bf2 77. c5 Bg1 78. Nd5 Bh2 79. c6+
Ka7 80. c7 Kb7 81. a6+ Kc8 82. Kc6 Bd6 83. Nb6# {Black checkmated} 1-0

[Event "Team 45 45 League T86"]
[Site "Internet Chess Club"]
[Date "2020.10.04"]
[Round "1"]
[White "dabodhi"]
[Black "Pawnchain"]
[Result "1-0"]
[WhiteElo "1355"]
[BlackElo "1268"]
[Opening "French: exchange variation"]
[ECO "C01"]
[Time "16:12:12"]
[TimeControl "2700+45"]

1. e4 e6 2. d4 d5 3. exd5 exd5 4. Bd3 Nc6 5. Ne2 Bd6 6. c3 Nge7 7. Nd2 Bf5 8.
Bxf5 Nxf5 9. Qb3 Qf6 10. Qxb7 Rb8 11. Qxc6+ Kf8 12. Qxd5 Nxd4 13. Qxd4 Be5 14.
Qxa7 Kg8 15. Qxb8+ Qd8 16. Qxd8# {Black checkmated} 1-0

[Event "Team 45 45 League T86"]
[Site "Internet Chess Club"]
[Date "2020.10.02"]
[Round "1"]
[White "bardu"]
[Black "Just-Jim"]
[Result "1-0"]
[WhiteElo "1337"]
[BlackElo "1169"]
[Opening "QGD Slav: 3.Nf3"]
[ECO "D11"]
[Time "11:12:07"]
[TimeControl "2700+45"]

1. d4 d5 2. c4 c6 3. Nf3 h6 4. Nc3 e6 5. e4 dxe4 6. Nxe4 Qa5+ 7. Bd2 Qb6 8. Qc2
Nd7 9. c5 Qd8 10. b4 Ngf6 11. Be2 Nxe4 12. Qxe4 Nf6 13. Qc2 Be7 14. a4 a6 15.
O-O Bd7 16. Ne5 O-O 17. Ra3 b6 18. Rg3 Kh8 19. Rh3 Be8 20. Bxh6 gxh6 21. Rxh6+
Kg7 22. Qd2 bxc5 23. Qg5# {Black checkmated} 1-0

[Event "Team 45 45 League T86"]
[Site "Internet Chess Club"]
[Date "2020.10.02"]
[Round "1"]
[White "rgadoury"]
[Black "Kidpython"]
[Result "0-1"]
[WhiteElo "1189"]
[BlackElo "1144"]
[Opening "Blackmar gambit"]
[ECO "B01"]
[Time "14:29:04"]
[TimeControl "2700+45"]

1. e4 d5 2. d4 Nc6 3. e5 f6 4. Nf3 Bg4 5. Be2 Bxf3 6. Bxf3 fxe5 7. dxe5 Nxe5 8.
O-O Nxf3+ 9. Qxf3 Qd7 10. Rd1 e6 11. c3 O-O-O 12. Bf4 Bd6 13. Bxd6 Qxd6 14. Qe3
Qb6 15. Qxb6 axb6 16. Nd2 c5 17. Nf3 Nf6 18. Ne5 Rhf8 19. a4 Kc7 20. a5 Ra8 21.
axb6+ Kxb6 22. Rxa8 Rxa8 23. g3 Ra2 24. Rb1 d4 25. cxd4 cxd4 26. Nc4+ Kc5 27.
Kg2 {White resigns} 0-1

[Event "Team 45 45 League T86"]
[Site "Internet Chess Club"]
[Date "2020.10.05"]
[Round "1"]
[White "Chess4Him"]
[Black "clarinetref"]
[Result "1-0"]
[WhiteElo "1505"]
[BlackElo "1439"]
[Opening "Queen's pawn: London system"]
[ECO "A45"]
[Time "09:01:41"]
[TimeControl "2700+45"]

1. d4 Nf6 2. Bf4 g6 3. Nc3 Bg7 4. e4 d6 5. Qd2 h6 6. h4 Nbd7 7. Nf3 Ng4 8. O-O-O
O-O 9. Nh2 e5 10. dxe5 Ndxe5 11. f3 Nxh2 12. Rxh2 Kh7 13. Qf2 Qf6 14. Nd5 Qd8
15. Qe3 Be6 16. Bxe5 Bxe5 17. f4 Bg7 18. Be2 Bxd5 19. Rxd5 Qf6 20. Rb5 b6 21. g4
Qd4 22. Rb3 Rae8 23. Qxd4 Bxd4 24. Bf3 a5 25. Rd3 Bc5 26. c3 f5 27. gxf5 gxf5
28. Re2 Rf6 29. e5 dxe5 30. Rd7+ Re7 31. Rxe7+ Bxe7 32. fxe5 Re6 33. h5 Bg5+ 34.
Kc2 Bf4 35. Bd5 Re7 36. e6 Kg7 37. Rf2 Bg5 38. Rxf5 Bf6 39. a4 c6 40. Bc4 Rb7
41. Kd3 Re7 42. b4 axb4 43. cxb4 Ra7 44. Bb3 Rc7 45. Rf4 c5 46. b5 Re7 47. Rg4+
Bg5 48. Ke4 Kf6 49. Bd5 Rc7 50. Bc4 Re7 51. Kd3 Ra7 52. Bb3 Re7 53. Re4 Kf5 54.
Bd5 Kf6 55. Kc4 Kf5 56. Re2 Bf4 57. Rg2 Bg5 58. Rf2+ Ke5 59. Rf7 Rxf7 60. exf7
Be7 61. Bc6 Kf6 62. Be8 Ke6 63. a5 bxa5 64. b6 Kd6 65. Kb5 a4 66. b7 Kc7 67. Ka6
Kb8 68. Bxa4 c4 69. Kb6 c3 70. Kc6 Bb4 71. Bc2 Bf8 72. Be4 Bb4 73. Kd7 c2 74.
Bxc2 Kxb7 75. Ke8 Kc7 76. f8=Q Bxf8 77. Kxf8 Kd6 78. Kf7 Kd7 79. Bg6 Kd6 80. Kg7
Ke7 81. Bf7 Kd8 82. Kxh6 Ke7 83. Kg7 Kd8 84. h6 {Black resigns} 1-0

[Event "Team 45 45 League T86"]
[Site "Internet Chess Club"]
[Date "2020.10.05"]
[Round "1"]
[White "sdcohle"]
[Black "BrerRabbit"]
[Result "0-1"]
[WhiteElo "1362"]
[BlackElo "1396"]
[Opening "Sicilian: closed, Korchnoi variation"]
[ECO "B23"]
[Time "10:31:02"]
[TimeControl "2700+45"]

1. e4 c5 2. Nc3 e6 3. g3 d5 4. exd5 exd5 5. d4 c4 6. Bg2 Nf6 7. Bg5 Be6 8. Nge2
Bb4 9. O-O O-O 10. Bxf6 gxf6 11. a3 Ba5 12. b4 cxb3 13. cxb3 Nc6 14. b4 Bb6 15.
b5 Ne7 16. Nf4 Rc8 17. Na4 Kh8 18. Nxb6 axb6 19. Qf3 Qd7 20. Rfe1 Rc4 21. Qe3
Nf5 22. Qb3 Nxd4 23. Qb2 Qxb5 24. Qxb5 Nxb5 25. Nxd5 Bxd5 26. Bxd5 Rc7 27. Reb1
Nc3 28. Rxb6 Nxd5 29. Rd6 Ne7 30. Rxf6 Kg7 31. Rf3 Rfc8 32. Rb3 Nd5 33. Rab1 b6
34. Kg2 Rc3 35. R3b2 Rxa3 36. Rb5 Rc5 37. R5b2 Rac3 38. Rd2 Rc2 39. Rd4 b5 40.
Rbd1 Nf6 41. h3 R5c4 42. R4d3 Ne4 43. Rf1 b4 44. Re3 Nd2 45. Rd1 b3 46. Rxd2
Rxd2 47. Rxb3 Rcc2 48. Rf3 Kg6 49. h4 h5 50. Rf4 Rd5 51. Rf3 Rf5 52. Rxf5 Kxf5
53. Kf3 Ke5 54. Ke3 f5 55. f4+ Kd5 56. Kf3 Kd4 57. g4 fxg4+ 58. Kg3 Rc3+ 59. Kf2
Ke4 60. Kg2 Kxf4 {White resigns} 0-1